 Dungeon Crawl Stone Soup version 0.28-a0-622-gbaef9634d7 (webtiles) character file.

Game seed: 13546972887859657738

31 Rennog the Firebug (level 2, 0/20 HPs)
             Began as a Demigod Fire Elementalist on Oct 7, 2021.
             Slain by an adder (2 damage)
             ... on level 2 of the Dungeon.
             The game lasted 00:03:05 (2250 turns).

Rennog the Firebug (Demigod Fire Elementalist)      Turns: 2250, Time: 00:03:05

Health: 0/20       AC:  4    Str:  9    XL:     2   Next: 90%
Magic:  3/7        EV: 12    Int: 17    God:
Gold:   63         SH:  0    Dex: 14    Spells: 4/5 levels left

rFire   . . .      SeeInvis .   h - +0 spear
rCold   . . .      Faith    .   (no shield)
rNeg    . . .      Spirit   .   a - +0 robe
rPois   .          Reflect  .   f - +0 helmet
rElec   .          Harm     .   (no cloak)
rCorr   .          Rampage  .   (no gloves)
Will    .....                   i - +0 pair of boots
Stlth   ++........              (no amulet)
HPRegen 0.06/turn               (no ring)
MPRegen 0.10/turn               (no ring)

@: very slightly contaminated
A: high mp 1, forlorn
a: no special abilities


You were on level 2 of the Dungeon.
You visited 1 branch of the dungeon, and saw 2 of its levels.

You collected 63 gold pieces.

Inventory:

Hand Weapons
 h - a +0 spear (weapon)
Armour
 a - a +0 robe (worn)
 f - a +0 helmet (worn)
 i - a +0 pair of boots (worn)
Scrolls
 g - a scroll of magic mapping {unknown}
Potions
 b - a potion of attraction {unknown}
 c - a potion of degeneration {unknown}
 d - a potion of might {unknown}
 e - a potion of heal wounds {unknown}


   Skills:
 + Level 2.1 Dodging
 - Level 1.7 Stealth
 * Level 2.3 Spellcasting
 + Level 1.3 Conjurations
 + Level 2.9 Fire Magic


You had 4 spell levels left.
You knew the following spells:

 Your Spells              Type           Power      Damage    Failure   Level
a - Foxfire               Conj/Fire      36%        2x1d5     8%          1

Your spell library contained the following spells:

 Spells                   Type           Power      Damage    Failure   Level
 Scorch                   Fire           24%        2d6       9%          2
 Conjure Flame            Conj/Fire      9%         6-21      22%         3
 Corpse Rot               Necr/Air       N/A        N/A       28%         2
 Poisonous Vapours        Pois/Air       4%         N/A       28%         2
 Inner Flame              Hex/Fire       7%         N/A       30%         3
 Flame Wave               Conj/Fire      9%         3d4       58%         4


Dungeon Overview and Level Annotations

Branches:
Dungeon (2/15)


Innate Abilities, Weirdness & Mutations

Your attributes grow dramatically as you level up.
You have an increased reservoir of magic. (+10% MP)
You shall have no god before yourself.


Message History

The jackal barely misses you.
You hit the jackal.
The jackal is almost dead.
The jackal bites you but does no damage.
The jackal completely misses you. The jackal bites you. The hobgoblin hits you.
The jackal barely misses you.
The jackal bites you but does no damage.
You are too injured to fight recklessly!
An adder comes into view.
You are too injured to fight recklessly!
The adder hisses angrily.
You see here an emerald potion.
The adder barely misses you.
Casting: Foxfire (safe; 8% risk of failure)
Confirm with . or Enter, or press ? or * to list all spells.
You conjure some foxfire!
The adder bites you but does no damage.
Casting: Foxfire (safe; 8% risk of failure)
Confirm with . or Enter, or press ? or * to list all spells.
You miscast Foxfire.
You are very lightly contaminated with residual magic.
Nothing appears to happen.
The foxfire hits the adder.
The adder is moderately wounded.
The foxfire hits the adder.
The adder is heavily wounded.
The adder bites you but does no damage. The adder bites you.
* * * LOW HITPOINT WARNING * * *
Casting: Foxfire (safe; 8% risk of failure)
Confirm with . or Enter, or press ? or * to list all spells.
You conjure some foxfire!
The adder bites you.
* * * LOW HITPOINT WARNING * * *
Your foxfire dissipates!
The foxfire hits the adder.
The adder is severely wounded.
The adder misses you.
Casting: Foxfire (safe; 8% risk of failure)
Confirm with . or Enter, or press ? or * to list all spells.
You miscast Foxfire.
Nothing appears to happen.
The adder bites you but does no damage. The jackal barely misses you.
The adder bites you.
You die...

#..# #.##..# #.#
#..##.###.###.#####
#####.#..#
#.[.......#
........##
#####.###....
#####..#########.###
..
........†...<......
########.#.........
#.#.#####.###
######...# #.@#
#.......## #S##
..#####.# #h#
#.#####h###
########.h.B..B..#
.>......####.w##.#
...................
.........##..#####.#
#####..?.(...# ...


You could see a worm, an adder, 2 jackals and a giant cockroach.

Vanquished Creatures
  A dart slug (D:1)
  2 worms (D:2)
  2 endoplasms (D:1)
  4 goblins (D:1)
  3 hobgoblins
  3 ball pythons (D:1)
  3 bats (D:1)
  3 kobolds (D:1)
  2 rats (D:1)
23 creatures vanquished.

Vanquished Creatures (others)
  80 foxfires
80 creatures vanquished.

Grand Total: 103 creatures vanquished

Notes
Turn   | Place    | Note
-------+----------+-------------------------------------------
     0 | D:1      | Rennog the Demigod Fire Elementalist began the quest for
                  | the Orb.
     0 | D:1      | Reached XP level 1. HP: 14/14 MP: 5/5
   144 | D:1      | Reached skill level 1 in Conjurations
   842 | D:1      | Reached XP level 2. HP: 9/20 MP: 2/7
  2244 | D:2      | HP: 1/20 [adder (2)]
  2250 | D:2      | Slain by an adder

Illustrated notes

Levels and vault maps discovered:
D:1:      heliophobic_arrival_battle_scene, layout_basic
D:2:      layout_rooms

Skill      XL: |  1 |
---------------+----+-----
Conjurations   | 1 |  1.3
Spellcasting   | 2 |  2.3
Dodging        | 2 |  2.1
Stealth        | |  1.7
Fire Magic     | |  2.9

Action                   || total
-------------------------++-------
Melee: Unarmed           ||    34
       Spear             ||    19
 Cast: Foxfire           ||    58
Armor: Robe              ||    29
Dodge: Dodged            ||    54

Table legend: (Time is in decaauts)
 A = Elapsed time spent in this place.
 B = Non-inter-level travel time spent in this place.
 C = Inter-level travel time spent in this place.
 D = Time resting spent in this place.
 E = Time spent auto-exploring this place.
 F = Levels seen in this place.
 G = Mean time per level.
                   A        B        C        D        E       F      G
               +--------+--------+--------+--------+--------+-----+--------+
         Total |   2251 |   2141 |    110 |      5 |   1875 |   2 | 1125.5 |
       Dungeon |   2251 |   2141 |    110 |      5 |   1875 |   2 | 1125.5 |
               +--------+--------+--------+--------+--------+-----+--------+

Top non-repeatable levels by time:
     D:1: 1983 daAuts
     D:2: 267 daAuts
